 Dungeon Crawl Stone Soup version 0.18-a0-824-g47fe746 (webtiles) character file.

190 JokEr the Insei (level 5, -1/36 HPs)
             Began as an Octopode Transmuter on Dec 17, 2015.
             Succumbed to a scorpion's poison
             ... on level 3 of the Dungeon.
             The game lasted 00:05:08 (4019 turns).

JokEr the Insei (Octopode Transmuter)               Turns: 4019, Time: 00:05:08

Health: -1/36      AC:  1    Str: 10    XL:     5   Next: 69%
Magic:  8/8        EV: 18    Int: 21    God:
Gold:   157        SH:  0    Dex: 17    Spells: 1 memorised, 7 levels left

rFire  . . .     SeeInvis .       - Unarmed
rCold  . . .     Gourm    .     (no shield)
rNeg   . . .     Faith    .     (helmet restricted)
rPois  .         Spirit   .     (no amulet)
rElec  .         Dismiss  .     (no ring)
rCorr  .         Reflect  .     (no ring)
SustAt .         Harm     .     (no ring)
MR     .....                    (no ring)
Stlth  ++++......               (no ring)
                                (no ring)
                                (no ring)
                                (no ring)

@: brilliant, agile, lethally poisoned (-1 -> -17), appendage (expiring),
hasted, very quick, not resistant to hostile enchantments, stealthy
A: almost no armour, amphibious, 8 rings, constrict 8, tentacle spike 3,
camouflage 1, gelatinous body 1
a: End Transformation


You were on level 3 of the Dungeon.
You were hungry.
One of your tentacles had a temporary spike.
You visited 1 branch of the dungeon, and saw 4 of its levels.

You collected 157 gold pieces.

Inventory:

Missiles
 a - 12 arrows
Wands
 l - a wand of digging (1)
Scrolls
 d - a scroll of magic mapping
 e - 6 scrolls of remove curse
 j - a scroll of enchant armour
Potions
 g - a potion of magic
 i - a potion of degeneration
Books
 b - a book of Changes

   Spells                             Type                      Level
   a - Beastly Appendage              Transmutation                1
   b - Sticks to Snakes               Transmutation                2
   c - Spider Form                    Transmutation/Poison         3
   d - Ice Form                       Ice/Transmutation            4
   e - Blade Hands                    Transmutation                5
Comestibles
 c - 3 bread rations
 h - a beef jerky
 k - 2 meat rations


   Skills:
 + Level 3.0 Fighting
 - Level 2.0 Dodging
 + Level 4.4 Unarmed Combat
 - Level 2.0 Spellcasting
 + Level 3.5 Transmutations


You had 7 spell levels left.
You knew the following spells:

 Your Spells              Type           Power        Failure   Level  Hunger
a - Beastly Appendage     Trmt           ####..       1%          1    #......


Dungeon Overview and Level Annotations

Branches:
Dungeon (4/15)
 Temple: D:4-7

Altars:
Ashenzari
Dithmenos
Gozag
Pakellas
Yredelemnul


Innate Abilities, Weirdness & Mutations

You cannot wear most types of armour.
You are amphibious.
You can wear up to eight rings at the same time.
You can use your tentacles to constrict eight enemies at once.
Your skin changes colour to match your surroundings (Stealth).
Your rubbery body absorbs attacks (AC +1).
One of your tentacles bears a large vicious spike.


Message History

You feel sick. The orc completely misses you.
You tentacle-slap the orc.
You kill the orc!
* * * LOW HITPOINT WARNING * * *
You feel sick.
Drink which item? (? for menu, Esc to quit)
It was a potion of agility.
You feel agile all of a sudden.
* * * LOW HITPOINT WARNING * * *
You feel sick.
Read which item? (? for menu, Esc to quit)
Okay, then.
Drink which item? (? for menu, Esc to quit)
It was a potion of brilliance.
You feel clever all of a sudden.
* * * LOW HITPOINT WARNING * * *
You feel sick.
Drink which item? (? for menu, Esc to quit)
It was a potion of haste.
You feel yourself speed up.
You die...

###.......# #..#
###.....# #..#
##...########..#
##.##.....###.####
########.##.....# #.....
#...............# ##....
#<###..#.##.....# #.#..
#.###..#.##.....####.#..
#.#...>@.##.###.........
#(#.#.)####.# ######.##.
#.#.........# #....
#....[.#.##############.
###..###.##.......# #.
#..#.....)...##.# #<
#..#.#.##.##.##.#####.
#....#.##.##..........
##.....##.#####.#####.


There were no monsters in sight!

Vanquished Creatures
  A scorpion (D:3)
  4 gnolls (D:3)
  3 adders
  An ooze (D:1)
  2 worms (D:2)
  4 giant geckos
  An orc (D:3)
  4 giant cockroaches
  11 hobgoblins
  9 jackals
  3 ball pythons
  2 bats
  5 giant newts
  7 goblins
  3 kobolds
  7 rats
67 creatures vanquished.

Notes
Turn   | Place    | Note
--------------------------------------------------------------
     0 | D:1      | JokEr the Octopode Transmuter began the quest for the Orb.
     0 | D:1      | Reached XP level 1. HP: 13/13 MP: 3/3
   307 | D:1      | Reached XP level 2. HP: 15/18 MP: 5/5
   829 | D:1      | Reached XP level 3. HP: 22/24 MP: 6/6
  1252 | D:2      | Found a shadowy altar of Dithmenos.
  1254 | D:2      | Found a faded altar to an unknown god.
  2387 | D:2      | Reached XP level 4. HP: 29/29 MP: 7/7
  2880 | D:3      | Found an opulent altar of Gozag.
  2919 | D:3      | Reached skill level 4 in Unarmed Combat
  2937 | D:3      | Reached XP level 5. HP: 4/35 MP: 8/8
  3310 | D:3      | Found a shattered altar of Ashenzari.
  3386 | D:3      | Found a basalt altar of Yredelemnul.
  3430 | D:3      | Found an oddly glowing altar of Pakellas.
  4017 | D:3      | HP: 1/36 [poisoned by a scorpion]
  4019 | D:3      | Succumbed to a scorpion's poison

Vault maps used:
D:1:      dpeg_arrival_chase
D:2:      grunt_dithmenos_smoke, serial_co_window_serial, co_window_paths_a,
          co_window_corner_a, co_window_paths_a, co_window_paths_b,
          co_window_paths_a, co_window_2corner, co_window_of_opportunity_b,
          co_window_unsneaky_path_b, co_window_paths_e, co_window_sun,
          ecumenical_altar_1
D:3:      nicolae_gozag_seed_capital, yredelemnul_altar_generic,
          cheibrodos_ashenzari_chains, johnstein_pakellas_dig
D:4:      minmay_temple_entry_poolview, first_bread

Action                   |  1- 3 |  4- 6 || total
-------------------------+-------+-------++-------
Melee: Unarmed           |   110 |    56 ||   166
 Cast: Beastly Appendage |     1 |     3 ||     4
  Use: Scroll            |     4 |     4 ||     8
       Potion            |       |     5 ||     5
 Stab: Sleeping          |    12 |     3 ||    15
  Eat: Chunk             |     5 |     4 ||     9
